 Dungeon Crawl Stone Soup version 0.20.1-1-g8b1a95d (webtiles) character file.

3166 polve the Transmogrifier (level 9, -5/79 HPs)
             Began as a Black Draconian Transmuter on Aug 5, 2017.
             Was an Initiate of Okawaru (penitent).
             Slain by an ogre
             ... wielding a +0 giant club
              (31 damage)
             ... on level 6 of the Dungeon.
             The game lasted 00:24:05 (13970 turns).

polve the Transmogrifier (DrTm)                    Turns: 13970, Time: 00:24:06

Health: -5/79      AC: 10    Str: 14    XL:     9   Next: 63%
Magic:  11/12      EV: 12    Int: 21    God:    Okawaru [*]
Gold:   351        SH:  0    Dex: 11    Spells: 1/12 levels left

rFire    . . .     SeeInvis .     - Unarmed
rCold    . . .     Gourm    .   (no shield)
rNeg     . . .     Faith    .   (armour unavailable)
rPois    .         Spirit   .   n - +1 hat
rElec    +         Reflect  .   o - +0 cloak
rCorr    .         Harm     .   (no gloves)
MR       +....                  j - +0 pair of boots
Stlth    +.........             (no amulet)
Regen    0.3/turn               y - +5 ring of intelligence
MPRegen  0.2/turn               w - ring of protection from magic

@: short of breath, appendage
A: breathe lightning, unfitting armour, horns 2, electricity resistance,
cold-blooded, AC +7
a: Breathe Lightning, End Transformation, Renounce Religion


You were on level 6 of the Dungeon.
You worshipped Okawaru.
Okawaru was demanding penance.
You were very hungry.
You had grown temporary horns.
You visited 2 branches of the dungeon, and saw 9 of its levels.
You also visited: Sewer.

You collected 351 gold pieces.

Inventory:

Missiles
 a - 106 arrows (quivered)
Armour
 j - a +0 pair of boots (worn)
 n - a +1 hat (worn)
 o - a +0 cloak (worn)
Jewellery
 w - a ring of protection from magic (right hand)
 y - a +5 ring of intelligence (left hand)
Wands
 z - a wand of scattershot (4/9)
Scrolls
 b - 2 scrolls of blinking {unknown}
 e - 5 scrolls of teleportation
 l - a scroll of recharging {unknown}
 m - 2 scrolls of magic mapping
 t - a scroll of enchant weapon {unknown}
 v - a scroll of remove curse
 x - 4 scrolls of amnesia
 C - a scroll of fog {unknown}
Potions
 d - 2 potions of resistance {unknown}
 f - a potion of ambrosia {unknown}
 g - 2 potions of heal wounds
 h - a potion of cancellation {unknown}
 q - a potion of agility {unknown}
 r - 4 potions of flight
 u - 4 potions of curing
Books
 s - a book of Changes

   Spells                             Type                      Level
   a - Beastly Appendage              Transmutation                1
   b - Sticks to Snakes               Transmutation                2
   c - Spider Form                    Transmutation/Poison         3
   d - Ice Form                       Ice/Transmutation            4
   e - Blade Hands                    Transmutation                5
Comestibles
 c - 4 bread rations
 i - 2 royal jellies
 k - 6 fruits
 p - 2 meat rations


   Skills:
 + Level 7.3 Fighting
 - Level 1.7 Dodging
 + Level 7.3 Unarmed Combat
 - Level 2.0 Spellcasting
 - Level 10.0 Transmutations


You had one spell level left.
You knew the following spells:

 Your Spells              Type           Power        Failure   Level  Hunger
a - Beastly Appendage     Tmut           #####.       1%          1    #......
b - Sticks to Snakes      Tmut           #####...     1%          2    ##.....
c - Spider Form           Tmut/Pois      ###.......   5%          3    ###....
d - Blade Hands           Tmut           #####.....   7%          5    ######.


Dungeon Overview and Level Annotations

Branches:
Dungeon (8/15)             Temple (1/1) D:5
   Lair: D:8-11

Altars:
Ashenzari
Cheibriados
Dithmenos
Elyvilon
Fedhas
Gozag
Kikubaaqudgha
Makhleb
Nemelex Xobeh
Okawaru
Qazlal
Ru
Sif Muna
Trog
Uskayaw
Vehumet
Xom
Yredelemnul
Zin
The Shining One

Annotations:
D:7 Erica


Innate Abilities, Weirdness & Mutations

You can breathe wild blasts of lightning.
Your glossy black scales are hard. (AC +7)
You cannot fit into any form of body armour.
You are resistant to electric shocks. (rElec)
You are cold-blooded and may be slowed by cold attacks.
You have a pair of horns on your head.


Message History

a spear; 18 stones You see here a stone.
You are feeling very hungry.
There is an open door here.
A leopard gecko comes into view.
Casting: Sticks to Snakes
Confirm with . or Enter, or press ? or * to list all spells.
You grow a pair of large bovine horns.
The ogre barely misses you.
You fail to use your ability.
The ogre barely misses you.
You breathe a wild blast of lightning!
You hear a clap of thunder!
The zap hits the ogre.
The ogre is lightly wounded.
You hear a mighty clap of thunder!
You feel somewhat more hungry.
You hear an angry hiss.
You barely miss the ogre.
The ogre is lightly wounded.
The ogre hits you with a giant club!!
You die...

### #.. # ###########
#.# ####### ##.....@O..#
#..
......####...######.#
##. #.............# #.#
#.
...##.###....######.####
#. #..##.# #.#..#
#.......# ##
#..##.###.#..# #..#.#..#
# #..##........#
#..#.#..# #
#..######.#'## #..#....#
# #..# #....###..##...#
#


You could see an ogre.

Vanquished Creatures
  The ghost of Rhok the Slasher, an amateur GrFi (D:4)
  A hungry ghost (D:7)
  An orc warrior (D:7)
  2 ice beasts (D:7)
  3 ogres
  A necrophage (D:7)
  3 centaurs
  A crocodile (D:8)
  A big kobold (Sewer)
  4 bullfrogs
  A gnoll sergeant (D:7)
  2 scorpions
  2 crimson imps (D:7)
  4 hounds
  A gnoll shaman (D:6)
  A centaur skeleton (D:4)
  8 orc priests
  A jelly (D:7)
  9 orc wizards
  Jessica (D:2)
  2 iguanas
  5 worker ants
  A howler monkey zombie (D:7)
  A worker ant zombie (D:4)
  13 gnolls
  12 adders
  4 river rats
  2 shadow imps
  2 oozes
  An adder zombie (D:7)
  4 worms
  2 dart slugs
  6 leopard geckos
  44 orcs
  2 ball pythons
  6 giant cockroaches
  9 goblins
  4 hobgoblins
  13 jackals
  12 kobolds
  A quokka (D:5)
  9 bats
  6 frilled lizards
  2 jackal skeletons
  3 quokka zombies
  10 rats
224 creatures vanquished.

Vanquished Creatures (collateral kills)
  Crazy Yiuf (D:2)
  An orc (D:4)
2 creatures vanquished.

Grand Total: 226 creatures vanquished

Notes
Turn   | Place    | Note
-------+----------+-------------------------------------------
     0 | D:1      | polve the Draconian Transmuter began the quest for the Orb.
     0 | D:1      | Reached XP level 1. HP: 16/16 MP: 3/3
   615 | D:1      | Reached XP level 2. HP: 21/23 MP: 3/5
   698 | D:1      | Reached skill level 3 in Transmutations
   702 | D:1      | Learned a level 2 spell: Sticks to Snakes
  1277 | D:2      | Reached XP level 3. HP: 16/28 MP: 6/6
  1772 | D:2      | Found a bloodstained altar of Trog.
  1809 | D:2      | Found a shimmering altar of Xom.
  2170 | D:2      | Noticed Jessica
  2179 | D:2      | Killed Jessica
  2179 | D:2      | Reached skill level 4 in Transmutations
  2179 | D:2      | Reached XP level 4. HP: 18/35 MP: 5/7
  2811 | D:2      | Found a runed door.
  3202 | D:2      | Noticed Crazy Yiuf
  3217 | D:2      | Killed Crazy Yiuf
  3217 | D:2      | Reached skill level 5 in Transmutations
  3483 | D:2      | Reached XP level 5. HP: 26/40 MP: 6/8
  3834 | D:3      | Reached skill level 6 in Transmutations
  3849 | D:3      | Found a glowing drain.
  3856 | Sewer    | Entered a sewer
  4096 | Sewer    | Reached XP level 6. HP: 42/47 MP: 9/9
  4271 | Sewer    | Found a glowing silver altar of Zin.
  5046 | D:3      | Reached skill level 7 in Transmutations
  5635 | D:3      | Learned a level 3 spell: Spider Form
  5826 | D:4      | Your scales start taking on a glossy black colour.
  5826 | D:4      | Reached XP level 7. HP: 31/52 MP: 10/10
  5826 | D:4      | Gained mutation: You are resistant to electric shocks. (rElec) [Black Draconian growth]
  6602 | D:4      | Reached skill level 8 in Transmutations
  6906 | D:4      | Noticed Rhok's ghost (amateur GrFi)
  6943 | D:4      | Killed Rhok's ghost
  6943 | D:4      | Reached skill level 9 in Transmutations
  7403 | D:4      | Found a deep blue altar of Sif Muna.
  7414 | D:4      | Reached XP level 8. HP: 56/59 MP: 9/11
  7741 | D:5      | Entered Level 5 of the Dungeon
  8351 | D:5      | Found a shattered altar of Ashenzari.
  8357 | D:5      | Found a basalt altar of Yredelemnul.
  8358 | D:5      | Found a white marble altar of Elyvilon.
  8618 | D:5      | Reached skill level 10 in Transmutations
  8625 | D:5      | Learned a level 5 spell: Blade Hands
  8738 | D:5      | Found a staircase to the Ecumenical Temple.
  9067 | D:6      | Found a sparkling altar of Nemelex Xobeh.
  9102 | D:6      | HP: 2/59 [bounced beam (12)]
 10761 | D:6      | Reached skill level 5 in Unarmed Combat
 11534 | D:7      | Reached skill level 5 in Fighting
 11534 | D:7      | Reached XP level 9. HP: 74/74 MP: 12/12
 12051 | D:7      | Found a sacrificial altar of Ru.
 12084 | D:7      | HP: 2/75 [bounced beam (11)]
 12976 | Temple   | Entered the Ecumenical Temple
 13110 | Temple   | Became a worshipper of Warmaster Okawaru
 13730 | D:8      | Noticed Erica
 13836 | D:7      | Was placed under penance by Okawaru
 13970 | D:6      | Slain by an ogre

Skill      XL: |  1  2  3  4  5  6  7  8  9 |
---------------+----------------------------+-----
Transmutations | 3 4 5 6 7 9 10 | 10.0
Fighting       | 5 7 |  7.3
Unarmed Combat | 5 7 |  7.3
Dodging        | |  1.7
Spellcasting   | |  2.0

Action                   |  1- 3 |  4- 6 |  7- 9 || total
-------------------------+-------+-------+-------++-------
Melee: Unarmed           |   120 |    69 |   437 ||   626
       Headbutt          |    10 |    38 |    71 ||   119
       Tailslap          |     6 |    25 |    74 ||   105
       Kick              |     2 |       |       ||     2
       Punch             |     1 |     3 |     9 ||    13
       Dagger            |       |   305 |   232 ||   537
 Cast: Beastly Appendage |    21 |    24 |    58 ||   103
       Sticks to Snakes  |       |     3 |     9 ||    12
 Abil: Breathe Lightning |       |       |    19 ||    19
  Use: Potion            |       |     3 |     2 ||     5
       Scroll            |       |       |     9 ||     9
  Eat: Chunk             |     4 |    13 |    35 ||    52
       Fruit             |       |       |     3 ||     3
Armor: Skin              |    47 |   115 |   180 ||   342
Dodge: Dodged            |    71 |   186 |   335 ||   592
